 Dungeon Crawl Stone Soup version 0.29.1-2-gbd0b4ee654 (webtiles) character file.

Game seed: 2081966893342069717

46 zeram the Covered (level 3, -1/24 HPs)
             Began as a Gargoyle Fighter on Nov 8, 2022.
             Frozen to death by an endoplasm (2 damage)
             ... on level 2 of the Dungeon.
             The game lasted 00:02:23 (1168 turns).

zeram the Covered (Gargoyle Fighter)                Turns: 1168, Time: 00:02:23

Health: -1/24      AC: 10    Str: 21    XL:     3   Next: 68%
Magic:  3/3        EV:  9    Int:  8    God:
Gold:   100        SH:  4    Dex:  9    Spells: 2/2 levels left

rFire   . . .      SeeInvis .   a - +0 flail
rCold   . . .      Faith    .   c - +0 buckler
rNeg    + . .      Spirit   .   b - +0 scale mail
rPois   ∞          Reflect  .   (no helmet)
rElec   +          Harm     .   (no cloak)
rCorr   .          Rampage  .   (no gloves)
Will    .....                   (no boots)
Stlth   ..........              (no amulet)
HPRegen 0.08/turn               (no ring)
MPRegen 0.08/turn               (no ring)

@: no status effects
A: sickness immunity, AC +3, negative energy resistance 1, electricity
resistance, torment resistance 1, petrification resistance
a: no special abilities


You were on level 2 of the Dungeon.
You visited 1 branch of the dungeon, and saw 2 of its levels.

You collected 100 gold pieces.

Inventory:

Hand Weapons
 a - a +0 flail (weapon)
Armour
 b - a +0 scale mail (worn)
 c - a +0 buckler (worn)
Jewellery
 f - a ring of willpower
 h - a +6 ring of dexterity
 m - a +4 ring of evasion
Wands
 j - a wand of charming (5)
Scrolls
 g - a scroll of amnesia {unknown}
 k - a scroll of identify {unknown}
 l - a scroll of blinking {unknown}
Potions
 d - a potion of might
 e - a potion of mutation {unknown}
 i - 3 potions of flight {unknown}


   Skills:
 + Level 3.8 Fighting
 + Level 2.3 Maces & Flails
 + Level 3.9 Armour
 + Level 3.8 Shields


You had 2 spell levels left.
You didn't know any spells.
Your spell library contained the following spells:

 Spells                   Type           Power      Damage    Failure   Level
 Fulminant Prism          Conj/Hex       0%         3d6       100%        4
 Iskenderun's Mystic Bla  Conj/Tloc      0%         2d3       100%        4
 Lee's Rapid Deconstruct  Erth           0%         3d5*      100%        5


Dungeon Overview and Level Annotations

Branches:
Dungeon (2/15)

Altars:

Shops:
D:1 [:?

Annotations:
D:1 2 transporters


Innate Abilities, Weirdness & Mutations

You are immune to sickness and miasma.
Your stone body is resilient. (AC +3)
You are immune to poison.
You resist negative energy. (rN+)
You are resistant to electric shocks. (rElec)
You are resistant to unholy torment.
You are immune to petrification.


Message History

An endoplasm is nearby!
An endoplasm is nearby!
An endoplasm is nearby!
An orc comes into view. It is wielding a +0 mace.
The orc shouts!
The orc throws a boomerang.
The boomerang hits you. 2 orcs come into view.
The orc shouts! x2
The endoplasm hits you but does no damage.
You hit the endoplasm but do no damage. The endoplasm freezes you.
You are frozen.
An orc priest comes into view. It is wielding a +0 dagger.
You barely miss the endoplasm.
The orc priest shouts!
The endoplasm hits you but does no damage.
You hit the endoplasm but do no damage. The endoplasm hits you.
An orc comes into view. It is wielding a +0 mace.
The orc priest begins to cast a cantrip, but forgets the words!
The endoplasm hits you but does no damage.
The orc shouts!
You hit the orc.
The orc is almost dead.
The orc hits you with a +0 short sword. The endoplasm misses you.
You hit the orc.
You kill the orc!
The endoplasm hits you but does no damage.
A bat comes into view.
You hit the endoplasm but do no damage. The endoplasm barely misses you.
The endoplasm hits you but does no damage.
You sock the orc!
You kill the orc!
The orc throws a boomerang.
The boomerang barely misses you.
The orc priest mumbles some strange prayers to Beogh against you.
Beogh smites you!
Ouch! That really hurt!
* * * LOW HITPOINT WARNING * * *
The endoplasm freezes you.
You are frozen.
You die...

###########
#########..........
......##.........#
......##.........#
......##.........#
......##.........#
......##.........###.###
................@J......
......##........)###.###
......##.†......oo...
......##........b.....
......##.............o.
......##...............
......##...............
####################.##


You could see an orc priest, an orc, an endoplasm and a bat.

Vanquished Creatures
  An adder (D:2)
  A worm (D:2)
  2 orcs (D:2)
  4 endoplasms
  2 goblins (D:2)
  4 hobgoblins
  2 quokkas
  3 ball pythons (D:1)
  4 bats
  3 kobolds
  4 rats (D:1)
30 creatures vanquished.

Notes
Turn   | Place    | Note
-------+----------+-------------------------------------------
     0 | D:1      | zeram the Gargoyle Fighter began the quest for the Orb.
     0 | D:1      | Reached XP level 1. HP: 14/14 MP: 1/1
     3 | D:1      | Found Lahisch's Magic Scroll Emporium.
    14 | D:1      | Found Kiuf's Book Shop.
   113 | D:1      | Found a faded altar of an unknown god.
   155 | D:1      | Reached XP level 2. HP: 16/19 MP: 2/2
   277 | D:1      | Found Veiteupto's Antique Armour Shop.
   789 | D:2      | Reached XP level 3. HP: 24/24 MP: 3/3
  1168 | D:2      | HP: 1/24 [orc priest/divine providence (14)]
  1168 | D:2      | Frozen to death by an endoplasm

Illustrated notes

Levels and vault maps discovered:
D:1:      spicycebolla_arrival_transporter_tutorial, layout_rooms, serial_shops,
          shop, shop, nicolae_shop_trees,
          hellmonk_ecumenical_altar_leap_of_faith, dreamdust_princess_bridge
D:2:      layout_basic

Action                   || total
-------------------------++-------
Melee: Flail             ||    97
Armor: Scale mail        ||    65
Dodge: Dodged            ||    39
Block: Buckler           ||    24
